 Dungeon Crawl Stone Soup version 0.28-a0-998-gb9e9c7b67e (webtiles) character file.

Game seed: 4207679347315265090

32 r3xj the Chopper (level 3, -7/33 HPs)
             Began as a Minotaur Berserker on Dec 6, 2021.
             Was a Follower of Trog.
             Killed from afar by Natasha (10 damage)
             ... with a magic dart
             ... on level 2 of the Dungeon.
             The game lasted 00:01:45 (1312 turns).

r3xj the Chopper (Minotaur Berserker)               Turns: 1312, Time: 00:01:46

Health: -7/33      AC:  2    Str: 21    XL:     3   Next: 8%
Magic:  2/2        EV: 12    Int:  4    God:    Trog [*.....]
Gold:   16         SH:  0    Dex: 11    Spells: 2/2 levels left

rFire   . . .      SeeInvis .   a - +0 hand axe
rCold   . . .      Faith    .   (no shield)
rNeg    . . .      Spirit   .   b - +0 animal skin
rPois   .          Reflect  .   (helmet restricted)
rElec   .          Harm     .   (no cloak)
rCorr   .          Rampage  .   (no gloves)
Will    .....                   (no boots)
Stlth   +.........              (no amulet)
HPRegen 0.11/turn               (no ring)
MPRegen 0.08/turn               (no ring)

@: slowed, very slow
A: horns 2, retaliatory headbutt
a: Renounce Religion, Berserk


You were on level 2 of the Dungeon.
You worshipped Trog.
Trog was aware of your devotion.
You visited 1 branch of the dungeon, and saw 2 of its levels.

You collected 16 gold pieces.

Inventory:

Hand Weapons
 a - a +0 hand axe (weapon)
Missiles
 g - a throwing net (quivered)
 h - 15 stones
Armour
 b - a +0 animal skin (worn)
Jewellery
 c - an amulet of guardian spirit
Scrolls
 d - 3 scrolls of identify {unknown}
 e - a scroll of blinking {unknown}
 f - a scroll of noise {unknown}
 i - a scroll of fear {unknown}
 j - a scroll of silence {unknown}
 k - a scroll of amnesia {unknown}


   Skills:
 + Level 4.0 Fighting
 * Level 4.3 Axes
 + Level 2.9 Armour
 + Level 2.6 Dodging


You had 2 spell levels left.
You didn't know any spells.
Your spell library was empty.

Dungeon Overview and Level Annotations

Branches:
Dungeon (2/15)

Altars:

Annotations:
D:2 Natasha


Innate Abilities, Weirdness & Mutations

You have a pair of horns on your head.
You reflexively headbutt those who attack you in melee.


Message History

There are monsters nearby!
There are monsters nearby!
The shadow imp misses you. You furiously retaliate!
You headbutt the shadow imp. You closely miss the shadow imp.
Your headbutt misses the shadow imp.
The shadow imp is moderately wounded.
Natasha howls an incantation.
Natasha's front paws start to glow.
The shadow imp misses you.
You slash the shadow imp!
The shadow imp is almost dead.
You hit Natasha. Natasha claws you. The shadow imp puffs mist at you.
The shadow imp barely misses you.
You barely miss the shadow imp.
The shadow imp is almost dead.
You hit Natasha. Natasha barely misses you. The shadow imp hits you.
You hit the shadow imp.
The shadow imp is almost dead.
You hit Natasha but do no damage. Natasha claws you.
The shadow imp barely misses you.
You hit the shadow imp.
You kill the shadow imp!
The shadow imp disappears in a puff of smoke!
You closely miss Natasha. You barely miss the white imp.
The white imp hits you. The white imp freezes you.
Natasha claws you but does no damage.
You are too injured to fight recklessly!
You are too injured to fight recklessly!
The white imp closely misses you. The white imp gestures at you.
The puff of frost hits you!
* * * LOW HITPOINT WARNING * * *
Natasha casts a spell at you.
You feel yourself slow down.
Natasha casts a spell.
Found 10 gold pieces.
Natasha stares at you and mumbles some strange words.
The magic dart hits you!
You die...

.... .....$. ....
....... .... ......
....... ... .....
........#####'##...#
.#.#.#.#.##.....+...#
................#...#
.#.#.#.#........@..##..
................5.......
.#.#.#.#.....5h.........
.........).†...†........
.#.#.#.#................
........................
†#.#.#.###..............
........##....#.........
.#.#.#.###....#........


You could see Natasha and 2 white imps.

Vanquished Creatures
  A worm (D:2)
  A dart slug (D:2)
  3 endoplasms (D:1)
  A giant cockroach (D:1)
  A goblin (D:2)
  A hobgoblin (D:2)
  2 jackals (D:1)
  A quokka (D:2)
  5 ball pythons
  2 bats
  4 frilled lizards
  2 kobolds
  2 rats
26 creatures vanquished.

Notes
Turn   | Place    | Note
-------+----------+-------------------------------------------
     0 | D:1      | r3xj the Minotaur Berserker began the quest for the Orb.
     0 | D:1      | Reached XP level 1. HP: 19/19 MP: 0/0
    82 | D:1      | HP: 1/20 [ball python (2)]
   499 | D:1      | Reached XP level 2. HP: 23/27 MP: 1/1
  1135 | D:2      | Reached XP level 3. HP: 18/33 MP: 2/2
  1298 | D:2      | Noticed Natasha
  1312 | D:2      | Killed from afar by Natasha

Illustrated notes

Levels and vault maps discovered:
D:1:      amcnicky_arrival_choice, layout_basic
D:2:      layout_basic, nicolae_ecumenical_snake_handling, st_stairs_11,
          uniq_natasha

Skill      XL: |  1  2  3 |
---------------+----------+-----
Axes           | 4 |  4.3
Fighting       | 4 |  4.0
Armour         | |  2.9
Dodging        | |  2.6

Action                   || total
-------------------------++-------
Melee: Hand axe          ||    58
       Headbutt          ||     7
Armor: Animal skin       ||     5
Dodge: Dodged            ||    40

Table legend: (Time is in decaauts)
 A = Elapsed time spent in this place.
 B = Non-inter-level travel time spent in this place.
 C = Inter-level travel time spent in this place.
 D = Time resting spent in this place.
 E = Time spent auto-exploring this place.
 F = Levels seen in this place.
 G = Mean time per level.
                   A        B        C        D        E       F      G
               +--------+--------+--------+--------+--------+-----+--------+
         Total |   1318 |   1276 |     42 |    310 |    809 |   2 |  659.0 |
       Dungeon |   1318 |   1276 |     42 |    310 |    809 |   2 |  659.0 |
               +--------+--------+--------+--------+--------+-----+--------+

Top non-repeatable levels by time:
     D:1: 1086 daAuts
     D:2: 232 daAuts
